 Dungeon Crawl Stone Soup version 0.31-a0-659-gc5a091b79a (webtiles) character file.

Game seed: 3000257553366191700

192 MacCMillion the Chopper (level 5, -1/45 HPs)
             Began as a Ghoul Fighter on Aug 31, 2023.
             Slain by a bullfrog (4 damage)
             ... in a sewer.
             The game lasted 00:05:44 (2627 turns).

MacCMillion the Chopper (Ghoul Fighter)             Turns: 2627, Time: 00:05:44

Health: -1/45      AC:  9    Str: 22    XL:     5   Next: 71%
Magic:  4/4        EV:  9    Int:  3    God:
Gold:   193        SH:  4    Dex:  8    Spells: 4/4 levels left

rFire   . . .        a - +0 war axe
rCold   + . .        c - +0 buckler
rNeg    + + +        b - +0 scale mail
rPois   ∞            (no helmet)
rElec   .            (no cloak)
rCorr   .            f - +2 pair of gloves
SInv    .            (no boots)
Will    .....        (no amulet) Stlth
                     (no ring)
HPRegen 0.00/turn    (no ring)
MPRegen 0.09/turn

%: no passive effects
@: inhibited regen
A: claws 1, cold resistance 1, negative energy resistance 3, inhibited
regeneration, torment resistance 2, devour on kill
a: no special abilities


You were in a sewer.
You visited 1 branch of the dungeon, and saw 3 of its levels.
You also visited: Sewer.

You collected 193 gold pieces.

Inventory:

Hand Weapons
 a - a +0 war axe (weapon)
Armour
 b - a +0 scale mail (worn)
 c - a +0 buckler (worn)
 f - a +2 pair of gloves (worn)
Jewellery
 g - an amulet of the acrobat
Scrolls
 h - 3 scrolls of identify {unknown}
 k - a scroll of silence {unknown}
 l - a scroll of torment {unknown}
 n - a scroll of butterflies {unknown}
Potions
 d - a potion of might
 e - 2 potions of brilliance {unknown}
 i - 2 potions of heal wounds {unknown}
 j - a potion of degeneration {unknown}
 m - a potion of magic {unknown}
 o - 2 potions of enlightenment {unknown}


   Skills:
 - Level 3.2 Fighting
 + Level 4.3 Axes
 - Level 2.6 Armour
 - Level 4.0 Shields


You had 4 spell levels left.
You didn't know any spells.
Your spell library was empty.

Dungeon Overview and Level Annotations

Branches:
Dungeon (3/15)              Sewer (1/1)

Altars:

Shops:
D:1 [

Annotations:
D:3 1 exclusion


Innate Abilities, Weirdness & Mutations

You are immune to poison.
You have sharp fingernails.
Your flesh is cold resistant. (rC+)
You are immune to negative energy. (rN+++)
You do not regenerate when monsters are visible.
You are immune to unholy pain and torment.
You thrive by killing the living.


Message History

The bullfrog closely misses you. The bullfrog barely misses you.
You barely miss the bullfrog.
The bullfrog is lightly wounded.
The bullfrog hits you. x2; The bullfrog barely misses you.
You barely miss the bullfrog.
The bullfrog is lightly wounded.
You hit the bullfrog.
The bullfrog hits you but does no damage.
The bullfrog hits you. You block the bullfrog's attack. The bullfrog hits you.
You hit the bullfrog.
The bullfrog is lightly wounded.
You barely miss the bullfrog.
The bullfrog hits you but does no damage. x2
The bullfrog barely misses you.
The bullfrog hits you but does no damage.
You closely miss the bullfrog.
The bullfrog is lightly wounded.
You hit the bullfrog. The bullfrog hits you.
* * * LOW HITPOINT WARNING * * *
You block the bullfrog's attack. The bullfrog barely misses you.
The bullfrog hits you but does no damage.
You closely miss the bullfrog.
The bullfrog is lightly wounded.
You hit the bullfrog but do no damage.
The bullfrog hits you but does no damage. x2
You block the bullfrog's attack. The bullfrog hits you.
* * * LOW HITPOINT WARNING * * *
You barely miss the bullfrog.
The bullfrog is lightly wounded.
You barely miss the bullfrog. The bullfrog hits you.
* * * LOW HITPOINT WARNING * * *
The bullfrog hits you.
* * * LOW HITPOINT WARNING * * *
The bullfrog hits you but does no damage.
The bullfrog hits you.
* * * LOW HITPOINT WARNING * * *
You barely miss the bullfrog.
The bullfrog is lightly wounded.
You barely miss the bullfrog. The bullfrog hits you.
You die...

≈~†≈~#
#≈~~≈≈~#
≈~≈≈≈#
#≈~~≈≈~#
≈~~†≈#
#≈≈~≈≈≈#
≈≈≈≈~#
#≈~~~~≈#
≈~≈~~#
#≈≈≈~~≈#
.~.~≈#
#≈≈≈~≈≈#
.()~≈#
#≈≈~≈~≈#
~.~~≈#
#≈≈≈≈.~#
~~≈≈≈#
#≈≈≈≈@≈#
≈≈≈≈≈#
#≈≈~FF≈#
~~~~≈#
#≈≈≈~#~#
~≈~~≈#
#≈~~~≈≈#
≈~≈~~#
#≈~~~~≈#
≈≈~~≈#
#~~~~≈≈#
≈~~~~#
#~~≈~≈≈#
..~~.#
##~~~S.#
.....#
......#


You could see 2 bullfrogs.

Vanquished Creatures
  3 adders
  A gnoll (D:1)
  7 river rats (Sewer)
  A worm (D:3)
  3 dart slugs
  3 endoplasms (D:2)
  3 giant cockroaches
  2 goblins
  5 hobgoblins
  7 jackals
  A quokka (D:2)
  15 ball pythons
  5 bats
  A frilled lizard (D:3)
  5 kobolds
  34 rats
96 creatures vanquished.

Notes
Turn   | Place    | Note
-------+----------+-------------------------------------------
     0 | D:1      | MacCMillion the Ghoul Fighter began the quest for the Orb.
     0 | D:1      | Reached XP level 1. HP: 19/19 MP: 0/0
    84 | D:1      | Found Xudwuul's Armour Boutique.
   236 | D:1      | Reached XP level 2. HP: 26/26 MP: 1/1
   466 | D:1      | Reached XP level 3. HP: 31/31 MP: 2/2
  1204 | D:2      | Reached XP level 4. HP: 38/38 MP: 3/3
  1776 | D:3      | Found a glowing drain.
  1799 | Sewer    | Entered a sewer
  1911 | Sewer    | Reached XP level 5. HP: 39/45 MP: 4/4
  2627 | Sewer    | Slain by a bullfrog

Illustrated notes

Levels and vault maps discovered:
D:1:      psy_arrival_statuary, layout_loops_ring, serial_shops,
          nicolae_shop_temple_entry_statues_fountains
D:2:      layout_basic, eino_tiny_chamber, kennysheep_flooded_box
D:3:      layout_basic, gammafunk_temple_overflow_statue,
          nicolae_overflow_ecumenical_swirl, cheibrodos_sewer_entry_sluice
Sewer:    sewer_minmay_w

Skill      XL: |  1  2  3  4  5 |
---------------+----------------+-----
Axes           | 2 3 4 |  4.3
Shields        | 3 4 |  4.0
Fighting       | |  3.2
Armour         | |  2.6

Action                     |  1- 3 |  4- 6 || total
---------------------------+-------+-------++-------
  Melee: War axe           |    79 |   175 ||   254
 Armour: Scale mail        |    65 |   164 ||   229
  Dodge: Dodged            |    37 |    94 ||   131
  Block: Buckler           |    19 |    50 ||    69

Table legend: (Time is in decaauts)
 A = Elapsed time spent in this place.
 B = Non-inter-level travel time spent in this place.
 C = Inter-level travel time spent in this place.
 D = Time resting spent in this place.
 E = Time spent auto-exploring this place.
 F = Levels seen in this place.
 G = Mean time per level.
                   A        B        C        D        E       F      G
               +--------+--------+--------+--------+--------+-----+--------+
         Total |   2755 |   2707 |     48 |    518 |   1237 |   4 |  688.8 |
       Dungeon |   1852 |   1804 |     48 |     31 |   1237 |   3 |  617.3 |
         Sewer |    903 |    903 |      0 |    487 |      0 |   1 |  903.0 |
               +--------+--------+--------+--------+--------+-----+--------+

Top non-repeatable levels by time:
     D:2: 1003 daAuts
   Sewer: 903 daAuts
     D:1: 596 daAuts
     D:3: 252 daAuts
